[Event "Titled Tuesday Blitz May 4 2021"]
[White "Daniel, Damian"]
[Black "Shkapenko, Pavel"]
[WhiteFideId "1183621"]
[BlackFideId "4151933"]
[WhiteElo "2055"]
[BlackElo "2386"]
[Result "0-1"]
[Round "08"]
[TimeControl "180+1"]
[Date "2021.05.04"]
[WhiteClock "0:00:01"]
[BlackClock "0:00:21"]

1. d4 Nf6 2. c4 e6 3. g3 Bb4+ 4. Nd2 d5 5. Bg2 O-O 6. Nf3 b6 7. cxd5 exd5 8. O-O Bb7 9. a3 Bd6 10. b4 Nbd7 11. Bb2 Re8 12. e3 Qe7 13. Qb3 Ne4 14. Nxe4 dxe4 15. Nd2 Nf6 16. Nc4 Bd5 17. Qc2 Qe6 18. Nxd6 cxd6 19. Rfc1 Rec8 20. Qd2 h5 21. Bf1 h4 22. b5 Nh7 23. Rxc8+ Rxc8 24. Rc1 Ng5 25. Rxc8+ Qxc8 26. Qc3 Qf5 27. Qc7 Nf3+ 28. Kh1 hxg3 29. fxg3 Ne1 30. Qd8+ Kh7 31. Qh4+ Kg6 32. Be2 Nd3 33. Bc3 f6 34. Bd2 Kf7 35. Qh5+ Qxh5 36. Bxh5+ g6 37. Be2 Nb2 38. Kg2 Bc4 39. Kf2 Bxe2 40. Kxe2 Ke6 41. Bb4 Nc4 42. Kf2 Nb2 43. h4 Nd3+ 44. Ke2 Nxb4 45. axb4 Kf5 46. Kf2 Kg4 47. Kg2 d5 48. Kf2 Kh3 49. Ke2 Kxg3 0-1


[Site "https://www.chess.com"]

[Event "Titled Tuesday Blitz May 4 2021"]
[White "Darini, Pouria"]
[Black "Chitlange Sakshi"]
[WhiteFideId "12502200"]
[BlackFideId "35002899"]
[WhiteElo "2489"]
[BlackElo "1787"]
[Result "1-0"]
[Round "08"]
[TimeControl "180+1"]
[Date "2021.05.04"]
[WhiteClock "0:00:17"]
[BlackClock "0:00:02"]

1. e4 c5 2. Nf3 d6 3. d4 cxd4 4. Nxd4 Nf6 5. Nc3 a6 6. h3 e5 7. Nde2 h5 8. g3 Be6 9. Bg2 Be7 10. a4 Nbd7 11. b3 Rc8 12. f4 exf4 13. gxf4 Nb8 14. Ba3 Qa5 15. Qd2 O-O 16. O-O Rfd8 17. Rad1 Nc6 18. Nd5 Bxd5 19. exd5 Qxd2 20. Rxd2 Nb8 21. Nd4 Ne8 22. c4 Bf6 23. a5 Nd7 24. Bf3 g6 25. Re1 Nc5 26. Bd1 Bh4 27. Re3 Ng7 28. Bc2 Bf6 29. Kg2 Re8 30. Rxe8+ Rxe8 31. Kf3 Rc8 32. b4 Nd7 33. Bb3 Bxd4 34. Rxd4 Nf5 35. Re4 Nf6 36. Bb2 Nxe4 37. Kxe4 h4 38. Kd3 Ng3 39. Bf6 Nf5 40. Ba4 Rc7 41. Bd8 Rc8 42. Bf6 Rc7 43. Bd8 Rc8 44. Bb6 Kf8 45. c5 Ke7 46. c6 bxc6 47. Bxc6 Rb8 48. Kc3 Ng7 49. Ba7 Rc8 50. Bf2 Nf5 51. b5 axb5 52. a6 b4+ 53. Kxb4 Rc7 54. Bb6 Rc8 55. a7 Kf6 56. Bf2 g5 57. fxg5+ Kxg5 58. Bb6 Kf4 59. Bb7 Re8 60. Bc7 Re4+ 61. Ka5 Re1 62. Ka6 Ra1+ 63. Ba5 Rb1 64. a8=Q 1-0


[Site "https://www.chess.com"]

[Event "Titled Tuesday Blitz May 4 2021"]
[White "Daulyte-Cornette, Deimante"]
[Black "Roebers, Jan"]
[WhiteFideId "12802859"]
[BlackFideId "1007815"]
[WhiteElo "2285"]
[BlackElo "2207"]
[Result "1-0"]
[Round "08"]
[TimeControl "180+1"]
[Date "2021.05.04"]
[WhiteClock "0:00:19"]
[BlackClock "0:00:33"]

1. e4 e5 2. Bc4 Nf6 3. Nc3 Nxe4 4. Qh5 Nd6 5. Bb3 Be7 6. Qxe5 O-O 7. Nf3 Nc6 8. Qf4 Na5 9. O-O Nxb3 10. axb3 b6 11. d3 Bb7 12. Re1 Bf6 13. Qg4 Re8 14. Rxe8+ Qxe8 15. Bf4 Qe6 16. Qxe6 dxe6 17. Bxd6 cxd6 18. Nb5 Bxf3 19. gxf3 d5 20. c3 a5 21. b4 a4 22. d4 e5 23. Nc7 Rc8 24. Nxd5 exd4 25. Nxb6 Rc6 26. Rxa4 g6 27. Nd5 dxc3 28. bxc3 Kg7 29. b5 Rc5 30. c4 h5 31. Kf1 h4 32. h3 g5 33. Ke2 Be5 34. Kd3 f5 35. Ra7+ Kh6 36. Re7 Bd6 37. Re6+ Kh5 38. Rxd6 g4 39. Nf4+ Kg5 40. Ne6+ 1-0


[Site "https://www.chess.com"]

[Event "Titled Tuesday Blitz May 4 2021"]
[White "De Silva, L M S T"]
[Black "Garcia Garcia, Alejandro"]
[WhiteFideId "9953698"]
[BlackFideId "3516334"]
[WhiteElo "1621"]
[BlackElo "2131"]
[Result "1-0"]
[Round "08"]
[TimeControl "180+1"]
[Date "2021.05.04"]
[WhiteClock "0:01:01"]
[BlackClock "0:00:48"]

1. Nf3 Nf6 2. b3 g6 3. Bb2 Bg7 4. e3 O-O 5. d4 c5 6. Be2 cxd4 7. exd4 d6 8. O-O Nh5 9. Qd2 Nc6 10. c4 e5 11. d5 Ne7 12. Ne1 Nf4 13. Nc3 Nf5 14. Ne4 Nh4 15. Ba3 f5 16. Nxd6 Qg5 17. Kh1 e4 18. g3 Be5 19. Nxc8 Rfxc8 20. Bb2 Bd6 21. Qd4 Nh5 22. Bxh5 gxh5 23. gxh4 1-0


[Site "https://www.chess.com"]

[Event "Titled Tuesday Blitz May 4 2021"]
[White "Degtiarev, Evgeny"]
[Black "Tarasova, Viktoriya"]
[WhiteFideId "4149610"]
[BlackFideId "4175840"]
[WhiteElo "2218"]
[BlackElo "2182"]
[Result "1/2-1/2"]
[Round "08"]
[TimeControl "180+1"]
[Date "2021.05.04"]
[WhiteClock "0:00:08"]
[BlackClock "0:00:15"]

1. d4 Nf6 2. c4 e6 3. g3 d5 4. Nf3 Bb4+ 5. Bd2 Be7 6. Qc2 c6 7. Bg2 O-O 8. O-O Nbd7 9. Bf4 Nh5 10. Be3 Nhf6 11. Rd1 b6 12. Nbd2 Ba6 13. Qa4 Qc8 14. Ne5 Qb7 15. Nxc6 Bd6 16. Nb4 Bxb4 17. Qxb4 Rfc8 18. b3 Rc6 19. Bg5 Rac8 20. e3 Qc7 21. Bf4 Qd8 22. Qa3 Bb7 23. Qxa7 Ba8 24. Rac1 h6 25. Qa3 g5 26. Be5 Nxe5 27. dxe5 Ng4 28. cxd5 Rxc1 29. Rxc1 Bxd5 30. Rxc8 Qxc8 31. Bxd5 exd5 32. Qb4 Nxe5 33. Kg2 Qc6 34. Qd4 f6 35. Nf3 Nd7 36. h4 Qe6 37. hxg5 hxg5 38. Qd3 Kf7 39. Nd4 Qe4+ 40. Qxe4 dxe4 41. f3 Nc5 42. fxe4 Nxe4 43. Kf3 Nc3 44. Kg4 Nxa2 45. e4 Nc3 46. e5 fxe5 47. Nf3 Kf6 48. Nxg5 b5 49. Nf3 e4 50. Ne1 Ke5 51. Kh5 Ne2 52. g4 Nd4 53. g5 e3 54. g6 Kf6 55. Kh6 Nf5+ 56. Kh7 e2 57. b4 Ng7 58. Ng2 Ne6 59. Ne1 Nf8+ 60. Kh6 Nxg6 61. Kh5 Ne5 62. Kh4 Kf5 63. Kg3 Ke4 64. Kf2 Nd3+ 65. Kxe2 Nxb4 66. Kd2 Kd4 67. Nf3+ Kc4 68. Ne5+ Kb3 69. Nf7 Nd5 70. Nd6 b4 71. Ne4 Ka3 72. Nc5 Nc3 73. Kc2 Na4 74. Nb3 Nb6 75. Nd4 Nc4 76. Nb5+ Ka4 77. Nd4 Nb6 78. Kb2 Nd5 79. Ka2 Nc3+ 80. Kb2 Nd5 81. Nb3 Nb6 82. Na1 Kb5 83. Nb3 Kc4 84. Kc2 Nd5 85. Nd2+ Kb5 86. Nb3 Nc3 87. Nd4+ Kc4 88. Nc6 Nd5 89. Nxb4 1/2-1/2


[Site "https://www.chess.com"]

[Event "Titled Tuesday Blitz May 4 2021"]
[White "Demchenko, Anton"]
[Black "Sanchez Alvares, Kelvin Antonio"]
[WhiteFideId "4160258"]
[BlackFideId "3906680"]
[WhiteElo "2593"]
[BlackElo "2247"]
[Result "1-0"]
[Round "08"]
[TimeControl "180+1"]
[Date "2021.05.04"]
[WhiteClock "0:02:21"]
[BlackClock "0:02:10"]

1. e4 c5 2. Nf3 d6 3. d4 cxd4 4. Nxd4 Nf6 5. Nc3 g6 6. Be3 Bg7 7. Be2 O-O 8. Qd2 Nc6 9. O-O-O Nxd4 10. Bxd4 Qa5 11. Kb1 Be6 12. Bxf6 Bxf6 13. Nd5 Qxd2 14. Nxf6+ exf6 15. Rxd2 Rfd8 16. Rhd1 Kf8 17. Rxd6 Rxd6 18. Rxd6 Ke7 19. Rd1 Rc8 20. b3 1-0


[Site "https://www.chess.com"]

[Event "Titled Tuesday Blitz May 4 2021"]
[White "Devaev, Alexander"]
[Black "Matveeva, Olga"]
[WhiteFideId "4169395"]
[BlackFideId "24107018"]
[WhiteElo "2185"]
[BlackElo "2108"]
[Result "1-0"]
[Round "08"]
[TimeControl "180+1"]
[Date "2021.05.04"]
[WhiteClock "0:00:04"]
[BlackClock "0:00:04"]

1. Nf3 Nf6 2. d4 e6 3. c4 b6 4. Nc3 Bb4 5. a3 Bxc3+ 6. bxc3 Bb7 7. a4 a5 8. Ba3 d6 9. Qc2 O-O 10. c5 bxc5 11. dxc5 Re8 12. cxd6 cxd6 13. Rd1 d5 14. e3 Qc7 15. Bb5 Rc8 16. Rc1 Nbd7 17. O-O Nb6 18. Nd2 Bc6 19. h3 Bxb5 20. axb5 Nc4 21. Nxc4 Qxc4 22. Qb2 Rab8 23. Rb1 Qxc3 24. Qa2 Ne4 25. Rfc1 Qf6 26. Rxc8+ Rxc8 27. b6 Nc3 28. b7 Rb8 29. Bd6 Nxa2 30. Bxb8 Qf5 31. Rb2 Nb4 32. Bd6 1-0


[Site "https://www.chess.com"]

[Event "Titled Tuesday Blitz May 4 2021"]
[White "Diaz Camallonga, Carles"]
[Black "Svidler, Peter"]
[WhiteFideId "22235256"]
[BlackFideId "4102142"]
[WhiteElo "2438"]
[BlackElo "2754"]
[Result "0-1"]
[Round "08"]
[TimeControl "180+1"]
[Date "2021.05.04"]
[WhiteClock "0:00:02"]
[BlackClock "0:01:07"]

1. e4 c5 2. Nf3 d6 3. Bb5+ Nd7 4. a4 g6 5. O-O Bg7 6. Nc3 Nf6 7. a5 O-O 8. d3 Ne8 9. a6 bxa6 10. Bxa6 Bxa6 11. Rxa6 Nc7 12. Ra2 a5 13. Bd2 Nb6 14. b3 Qd7 15. Na4 Nxa4 16. Rxa4 Nb5 17. Qe1 Qb7 18. Bxa5 Ra6 19. Bd2 Rfa8 20. Rxa6 Rxa6 21. b4 cxb4 22. Bxb4 Ra2 23. Qb1 Rb2 24. Qe1 Rxc2 25. Qe3 h6 26. Rc1 Nd4 27. Bd2 Rxc1+ 28. Bxc1 Qb1 29. Nxd4 Bxd4 30. Qd2 Bc5 31. Qc3 Bb4 32. Qc8+ Kg7 33. Qc4 Bd2 0-1


[Site "https://www.chess.com"]

[Event "Titled Tuesday Blitz May 4 2021"]
[White "Djordjevic, Dejan N"]
[Black "Cella, Glaucio Dalla Cortt"]
[WhiteFideId "913316"]
[BlackFideId "2119455"]
[WhiteElo "2262"]
[BlackElo "2011"]
[Result "1-0"]
[Round "08"]
[TimeControl "180+1"]
[Date "2021.05.04"]
[WhiteClock "0:00:18"]
[BlackClock "0:00:07"]

1. e4 d5 2. exd5 Nf6 3. d4 Nxd5 4. Nf3 Bg4 5. Be2 Nc6 6. O-O e6 7. c4 Nf6 8. Be3 Be7 9. Nc3 O-O 10. b3 Bh5 11. h3 a6 12. a3 Rb8 13. Qd3 Bg6 14. Qd1 Bh5 15. Qd2 Bg6 16. Rfd1 Ne4 17. Nxe4 Bxe4 18. b4 Bf6 19. Rac1 Qd7 20. Qc3 Rfd8 21. Ne5 Qe8 22. f3 Bxe5 23. fxe4 Bf6 24. e5 Be7 25. Rd2 g6 26. d5 Nxe5 27. Qxe5 Bd6 28. Qe4 exd5 29. Qxe8+ Rxe8 30. Kf2 dxc4 31. Rxc4 Re5 32. Bd4 Rf5+ 33. Bf3 Bf4 34. Re2 b5 35. Rc6 Rd8 36. Bb2 Bd6 37. Rxa6 h5 38. Kg1 Bg3 39. Ra8 Rd5 40. Bxd5 1-0


[Site "https://www.chess.com"]

[Event "Titled Tuesday Blitz May 4 2021"]
[White "Dobrov, Vladimir"]
[Black "Nakamura, Hikaru"]
[WhiteFideId "4136594"]
[BlackFideId "2016192"]
[WhiteElo "2614"]
[BlackElo "2900"]
[Result "0-1"]
[Round "08"]
[TimeControl "180+1"]
[Date "2021.05.04"]
[WhiteClock "0:00:07"]
[BlackClock "0:00:18"]

1. b3 c5 2. Bb2 d6 3. e3 Nf6 4. Nf3 e5 5. c4 g6 6. Nc3 Bg7 7. d3 O-O 8. Nd2 d5 9. cxd5 Nxd5 10. Nxd5 Qxd5 11. Qc2 Nc6 12. a3 Be6 13. Rb1 Rac8 14. h4 h6 15. Ba1 Rfd8 16. Be2 b6 17. O-O Qd7 18. Rfe1 Qe7 19. g3 f5 20. Nf3 Bf7 21. Bf1 Rd6 22. b4 cxb4 23. axb4 Rdd8 24. Qb2 a5 25. b5 Nb4 26. Nxe5 Qe6 27. d4 Rc2 28. Qa3 Bxe5 29. dxe5 Rdd2 30. Rbd1 Rxf2 31. Rd6 Qc4 32. Rxg6+ Kf8 33. e6 Qxf1+ 0-1


[Site "https://www.chess.com"]

[Event "Titled Tuesday Blitz May 4 2021"]
[White "Dogan, Mire Deniz"]
[Black "Lehtosaari, Mauri"]
[WhiteFideId "6317456"]
[BlackFideId "501999"]
[WhiteElo "1850"]
[BlackElo "2397"]
[Result "1-0"]
[Round "08"]
[TimeControl "180+1"]
[Date "2021.05.04"]
[WhiteClock "0:00:50"]
[BlackClock "0:00:54"]

1. b4 c6 2. Bb2 Qb6 3. a3 a5 4. c4 axb4 5. c5 Qc7 6. axb4 Rxa1 7. Bxa1 d5 8. Nf3 Nf6 9. Be5 Qd7 10. Bxb8 Ne4 11. Nc3 g6 12. Nxe4 dxe4 13. Ne5 Qd5 14. e3 e6 15. Bc4 Qd8 16. O-O Bg7 17. Bd6 f6 18. Qg4 fxe5 19. Bxe6 Bd7 20. Ra1 Bf6 21. h4 Be7 22. Ra7 Bxd6 23. cxd6 Bxe6 24. Qxe6+ Kf8 25. Rxb7 Qe8 26. Re7 Qxe7 27. Qxe7+ Kg8 28. d7 h5 29. d8=Q# 1-0


[Site "https://www.chess.com"]

[Event "Titled Tuesday Blitz May 4 2021"]
[White "Dylag, Emilia"]
[Black "Necula, Iulian"]
[WhiteFideId "21805172"]
[BlackFideId "1232380"]
[WhiteElo "1871"]
[BlackElo "1776"]
[Result "1-0"]
[Round "08"]
[TimeControl "180+1"]
[Date "2021.05.04"]
[WhiteClock "0:00:07"]
[BlackClock "0:00:16"]

1. d4 d6 2. Nf3 f5 3. c4 Nf6 4. Bg5 Nbd7 5. Nc3 e6 6. Qc2 Be7 7. O-O-O O-O 8. h3 a6 9. g4 b5 10. gxf5 exf5 11. d5 b4 12. Na4 Ne5 13. Nd4 Ne4 14. Bxe7 Qxe7 15. f4 Ng6 16. Rg1 Qh4 17. e3 Bd7 18. Bg2 Qe7 19. Rde1 Rab8 20. Qb3 Qe8 21. Nc6 Bxc6 22. dxc6 Qxc6 23. c5+ d5 24. Rd1 Rfd8 25. Bxe4 fxe4 26. Kb1 Ne7 27. Qc2 Nf5 28. Rde1 b3 29. axb3 Rb4 30. Nc3 Rdb8 31. Qg2 g6 32. Re2 Rxb3 33. Qg5 Qe6 34. Rc1 Nxe3 35. Rxe3 Rxb2+ 36. Ka1 Qc6 37. Qxd5+ Qxd5 38. Nxd5 c6 39. Nf6+ Kf7 40. Nxe4 R2b4 41. Nd6+ Kg7 42. Ra3 Rxf4 43. Rxa6 Rf2 44. Ra7+ Kh6 45. Ra2 Rf6 46. Rg1 g5 47. Rc1 Rbf8 48. Ra6 Kh5 49. Rxc6 h6 50. Ra6 Rf2 51. Ra3 R8f4 52. c6 Rb4 53. c7 Rf8 54. c8=Q Rxc8 55. Nxc8 Rh4 56. Ne7 g4 57. hxg4+ Rxg4 58. Rc5+ Kh4 59. Nf5+ Kh5 60. Ne3+ Rg5 61. Raa5 Kh4 62. Rxg5 hxg5 63. Kb2 g4 64. Nxg4 Kxg4 65. Ra3 1-0


[Site "https://www.chess.com"]

[Event "Titled Tuesday Blitz May 4 2021"]
[White "Eggleston, Thomas A"]
[Black "Lamaze, Simon"]
[WhiteFideId "412139"]
[BlackFideId "36069264"]
[WhiteElo "2174"]
[BlackElo "1938"]
[Result "1-0"]
[Round "08"]
[TimeControl "180+1"]
[Date "2021.05.04"]
[WhiteClock "0:01:16"]
[BlackClock "0:00:22"]

1. e4 d5 2. exd5 Qxd5 3. Nc3 Qa5 4. d4 c6 5. Bc4 Nf6 6. Nf3 Bg4 7. h3 Bh5 8. Bd2 e6 9. O-O Nbd7 10. Nd5 Qd8 11. Nf4 Bxf3 12. Qxf3 Bd6 13. Bxe6 fxe6 14. Nxe6 Qb6 15. Nxg7+ Kf7 16. Nf5 Bf8 17. Rae1 Rg8 18. b4 1-0


[Site "https://www.chess.com"]

[Event "Titled Tuesday Blitz May 4 2021"]
[White "Erden, Kadir"]
[Black "Perez Rodriguez, Jennifer"]
[WhiteFideId "6305776"]
[BlackFideId "3507831"]
[WhiteElo "2218"]
[BlackElo "2170"]
[Result "1-0"]
[Round "08"]
[TimeControl "180+1"]
[Date "2021.05.04"]
[WhiteClock "0:01:47"]
[BlackClock "0:00:36"]

1. d4 Nf6 2. Bg5 Ne4 3. Bf4 d5 4. e3 e6 5. Bd3 Bd6 6. Bxd6 cxd6 7. Ne2 Nc6 8. O-O O-O 9. f3 Nf6 10. a3 e5 11. c3 Re8 12. Bc2 Ne7 13. Ng3 Ng6 14. Nd2 Bd7 15. Kh1 Rc8 16. f4 exf4 17. exf4 Ng4 18. f5 Ne3 19. fxg6 Nxd1 20. gxf7+ Kh8 21. fxe8=Q+ Qxe8 22. Raxd1 Qe3 23. Nf3 Bg4 24. Rde1 Qh6 25. Bf5 Bxf5 26. Nxf5 Qf4 27. Ne7 Rf8 28. Nxd5 Qg4 29. Ne3 Qe4 30. Ng5 Rxf1+ 31. Rxf1 Qe7 32. Nd5 Qe8 33. Ne6 1-0


[Site "https://www.chess.com"]

[Event "Titled Tuesday Blitz May 4 2021"]
[White "Erdogdu, Mert"]
[Black "Mikhalsky, Vladimir"]
[WhiteFideId "6301495"]
[BlackFideId "14144352"]
[WhiteElo "2485"]
[BlackElo "2280"]
[Result "1-0"]
[Round "08"]
[TimeControl "180+1"]
[Date "2021.05.04"]
[WhiteClock "0:00:15"]
[BlackClock "0:00:09"]

1. e4 g6 2. d4 Bg7 3. Nc3 d6 4. Be3 a6 5. f4 b5 6. Bd3 Bb7 7. Nf3 b4 8. Ne2 Nf6 9. Ng3 c5 10. dxc5 Ng4 11. Bg1 Bxb2 12. h3 Nf6 13. cxd6 O-O 14. Bc5 Bc3+ 15. Kf1 exd6 16. Bd4 Nbd7 17. Bxc3 bxc3 18. Rb1 Nc5 19. Rb4 Re8 20. Qe2 Nd5 21. Rxb7 Nxf4 22. Qe3 Nfxd3 23. Rb1 Ne5 24. Qxc3 Qf6 25. Kg1 Qf4 26. Nxe5 Rxe5 27. Rf1 Qg5 28. Qf3 Ra7 29. h4 Qd2 30. h5 Qd4+ 31. Kh2 gxh5 32. Nf5 Qxe4 33. Qg3+ Kf8 34. Qg7+ Ke8 35. Nxd6+ Kd7 36. Nxe4 Rxe4 37. Rxf7+ Kc6 38. Rxa7 Kb6 39. Qc7+ Kb5 40. Rb7+ Kc4 41. Rf1 Rh4+ 42. Kg1 Rg4 43. Rf4+ 1-0


[Site "https://www.chess.com"]

[Event "Titled Tuesday Blitz May 4 2021"]
[White "Escobar Forero, Alder"]
[Black "Arabidze, Meri"]
[WhiteFideId "4400801"]
[BlackFideId "13604040"]
[WhiteElo "2513"]
[BlackElo "2432"]
[Result "0-1"]
[Round "08"]
[TimeControl "180+1"]
[Date "2021.05.04"]
[WhiteClock "0:00:14"]
[BlackClock "0:00:07"]

1. d4 d5 2. Nc3 c6 3. e4 dxe4 4. Nxe4 Bf5 5. Ng3 Bg6 6. h4 h6 7. N1e2 Nf6 8. Nf4 Bh7 9. Bc4 e6 10. Qe2 Be7 11. Ngh5 O-O 12. c3 Nbd7 13. Rh3 Nxh5 14. Nxh5 Nf6 15. Be3 Nxh5 16. Qxh5 Bg6 17. Qg4 Bf5 18. Qg3 Bd6 19. Qf3 Bxh3 20. Qxh3 Qf6 21. Qg4 Qf5 22. Qxf5 exf5 23. Ke2 Rfe8 24. Kf3 b5 25. Bb3 f4 26. Bd2 a5 27. Bc2 a4 28. a3 c5 29. dxc5 Bxc5 30. Bxf4 Rad8 31. Rd1 Rxd1 32. Bxd1 Re7 33. Be2 Rb7 34. Bd3 h5 35. Bg3 g6 36. Ke4 Rb6 37. Kd5 Be7 38. f3 Kg7 39. Bc7 Re6 40. Bxb5 Bxh4 41. Bxa4 Re2 42. b3 Rxg2 43. c4 Bf2 44. c5 h4 45. c6 Bg3 46. Bxg3 hxg3 47. c7 Rc2 48. Bc6 g2 49. c8=Q g1=Q 50. Qa6 Qd1+ 51. Ke4 Re2+ 52. Kf4 Qd2+ 53. Kg3 Qe1+ 54. Kf4 Qh4# 0-1


[Site "https://www.chess.com"]

[Event "Titled Tuesday Blitz May 4 2021"]
[White "Estrada Nieto, Julian"]
[Black "Wagner, Dennis"]
[WhiteFideId "5101018"]
[BlackFideId "24650684"]
[WhiteElo "2270"]
[BlackElo "2355"]
[Result "0-1"]
[Round "08"]
[TimeControl "180+1"]
[Date "2021.05.04"]
[WhiteClock "0:00:01"]
[BlackClock "0:00:25"]

1. e4 e5 2. Nf3 Nc6 3. Bb5 a6 4. Ba4 Nf6 5. O-O Be7 6. d3 d6 7. Bxc6+ bxc6 8. d4 exd4 9. Nxd4 Bd7 10. Nc3 c5 11. Nf3 O-O 12. h3 Re8 13. Re1 Bf8 14. e5 dxe5 15. Nxe5 Bf5 16. Qf3 Bxc2 17. Bg5 h6 18. Nc6 Qd3 19. Qxd3 Bxd3 20. Bxf6 gxf6 21. Nd5 Kg7 22. Rxe8 Rxe8 23. Rd1 c4 24. Nf4 Bd6 25. Nxd3 cxd3 26. Kf1 Re2 27. Rxd3 Rxb2 28. a4 Rc2 29. Nd4 Rc4 30. Nf5+ Kg6 31. Nxd6 cxd6 32. Rxd6 Rxa4 33. Rd7 Ra2 34. g3 a5 35. Ra7 a4 36. Kg2 a3 37. h4 Kf5 38. Kf3 Ke6 39. g4 Kd5 40. Rxf7 Rc2 41. Rxf6 a2 42. Ra6 Kc4 43. g5 hxg5 44. hxg5 Kb5 45. Ra8 Rc3+ 46. Kf4 Rc4+ 47. Kf5 Ra4 0-1


[Site "https://www.chess.com"]

[Event "Titled Tuesday Blitz May 4 2021"]
[White "Fanha, Paulo"]
[Black "Campelo, Leandro Fabricio"]
[WhiteFideId "1902148"]
[BlackFideId "2103346"]
[WhiteElo "1851"]
[BlackElo "2105"]
[Result "0-1"]
[Round "08"]
[TimeControl "180+1"]
[Date "2021.05.04"]
[WhiteClock "0:00:12"]
[BlackClock "0:00:19"]

1. e4 e6 2. Nf3 d5 3. Nc3 Nf6 4. e5 Nfd7 5. d4 c5 6. Ne2 Nc6 7. c3 h6 8. g3 g5 9. Bg2 g4 10. Nh4 Be7 11. Ng6 fxg6 12. Qd3 Nf8 13. Nf4 Kf7 14. h4 cxd4 15. cxd4 Qa5+ 16. Bd2 Qa6 17. Qb1 Nxd4 18. Bf1 Nf3+ 19. Kd1 Qa4+ 20. Qc2 Qxc2+ 21. Kxc2 Nxd2 22. Kxd2 Bd7 23. Rc1 Rc8 24. Bd3 Rxc1 25. Rxc1 Bd8 26. Ke2 g5 27. Ng2 Ng6 28. h5 Nxe5 29. Ne3 Ke7 30. Bg6 Rf8 31. Rd1 Be8 32. Bxe8 Kxe8 33. Rc1 Kd7 34. Nc2 Bb6 35. Nb4 Rxf2+ 36. Ke1 Rxb2 37. Nc2 Nd3+ 38. Kd2 Nxc1 39. Kxc1 Rxc2+ 40. Kxc2 Bf2 41. Kd3 Bxg3 42. a4 Bd6 0-1


[Site "https://www.chess.com"]

[Event "Titled Tuesday Blitz May 4 2021"]
[White "Fernandez, Michael"]
[Black "Noboa Silva, Kevin"]
[WhiteFideId "5803560"]
[BlackFideId "3618471"]
[WhiteElo "2110"]
[BlackElo "2161"]
[Result "0-1"]
[Round "08"]
[TimeControl "180+1"]
[Date "2021.05.04"]
[WhiteClock "0:02:24"]
[BlackClock "0:02:11"]

1. e4 e6 2. d4 d5 3. Nc3 Nf6 4. e5 Nfd7 5. f4 c5 6. Nf3 Be7 7. Be3 O-O 8. dxc5 Nxc5 9. Qd2 a6 10. O-O-O b5 11. Bd3 b4 12. Ne2 a5 13. Kb1 Ba6 14. Bxa6 Nbxa6 15. Ned4 Qd7 16. Nb3 Ne4 17. Qd3 Qc7 18. g4 a4 19. Nbd4 Nac5 20. Qb5 Rfb8 21. Qc6 Qa5 0-1


[Site "https://www.chess.com"]

[Event "Titled Tuesday Blitz May 4 2021"]
[White "Foerster-Yialamas, Lucas"]
[Black "Aslanov, Umid"]
[WhiteFideId "30901774"]
[BlackFideId "13412620"]
[WhiteElo "1744"]
[BlackElo "1796"]
[Result "1-0"]
[Round "08"]
[TimeControl "180+1"]
[Date "2021.05.04"]
[WhiteClock "0:00:24"]
[BlackClock "0:00:05"]

1. e4 c5 2. Nf3 d6 3. d4 cxd4 4. Nxd4 Nf6 5. Nc3 a6 6. f3 e5 7. Nb3 Be6 8. Be3 Be7 9. Qd2 O-O 10. O-O-O Nbd7 11. g4 b5 12. g5 b4 13. Ne2 Ne8 14. f4 a5 15. f5 a4 16. fxe6 axb3 17. cxb3 fxe6 18. Bh3 Rxa2 19. Bxe6+ Kh8 20. Ng3 Nc7 21. Bc4 Rf3 22. Kb1 Qa8 23. Rhg1 Nc5 24. Bxc5 dxc5 25. Qe2 Rc3 26. bxc3 Rxe2 27. Nxe2 Qxe4+ 28. Kb2 Ne8 29. cxb4 Nd6 30. Rxd6 Bxd6 31. b5 h6 32. gxh6 gxh6 33. b6 Qb7 34. Rg6 Qxb6 35. Rxh6+ Kg7 36. Re6 e4 37. Ng3 Bxg3 38. Rxb6 Be5+ 39. Kc2 e3 40. Rc6 Bd4 41. Kd3 Kf8 42. b4 Ke7 1-0


[Site "https://www.chess.com"]

[Event "Titled Tuesday Blitz May 4 2021"]
[White "Gahan, M G"]
[Black "Pichot, Alan"]
[WhiteFideId "5027373"]
[BlackFideId "110973"]
[WhiteElo "2264"]
[BlackElo "2622"]
[Result "1/2-1/2"]
[Round "08"]
[TimeControl "180+1"]
[Date "2021.05.04"]
[WhiteClock "0:00:14"]
[BlackClock "0:00:04"]

1. e4 e5 2. Nf3 Nc6 3. d4 exd4 4. Nxd4 Nf6 5. Nc3 Bb4 6. Nxc6 bxc6 7. Bd3 O-O 8. O-O d5 9. exd5 cxd5 10. Bg5 c6 11. Qf3 h6 12. Bxf6 Qxf6 13. Qxf6 gxf6 14. Ne2 Rb8 15. Ng3 Bd6 16. b3 Be6 17. Rae1 Be5 18. Nh5 Kh8 19. h3 Rg8 20. f4 Bc3 21. f5 Bd7 22. Re7 Be8 23. g4 Bb4 24. Re2 Bc3 25. Kg2 Be5 26. Rfe1 Bd7 27. Rxe5 fxe5 28. Nf6 Rgd8 29. Rxe5 Kg7 30. Nh5+ Kf8 31. Nf6 Kg7 32. Nh5+ Kf8 33. Nf6 Bc8 34. h4 c5 35. Nxd5 Rxd5 36. Rxd5 Bb7 37. c4 Bxd5+ 38. cxd5 Ke7 39. Kf3 f6 40. Kf4 Rg8 41. a3 Kd6 42. Bc4 a5 43. a4 Rg7 44. Kf3 Ke5 45. d6 Kxd6 46. Kf4 Kc6 47. Be6 Kd6 48. Bc4 Re7 49. Be6 Rc7 50. Bc4 Rc8 51. Be6 Rb8 52. Bc4 Rb7 53. Be6 Re7 54. Ke4 Kc6 55. Kf4 Kc7 56. g5 hxg5+ 57. hxg5 fxg5+ 58. Kxg5 Kd6 59. Bc4 Re1 60. f6 Rg1+ 61. Kf5 Rg2 62. f7 Rf2+ 63. Ke4 Rf6 64. Ke3 Rf5 65. Ke4 Rf6 66. Ke3 Rf5 67. Ke4 Rf6 1/2-1/2


[Site "https://www.chess.com"]

[Event "Titled Tuesday Blitz May 4 2021"]
[White "Garcia, Gabriel Gonzaga"]
[Black "Albuquerque Junior,Wellington S."]
[WhiteFideId "2138956"]
[BlackFideId "2151480"]
[WhiteElo "2240"]
[BlackElo "2042"]
[Result "0-1"]
[Round "08"]
[TimeControl "180+1"]
[Date "2021.05.04"]
[WhiteClock "0:00:04"]
[BlackClock "0:00:30"]

1. e4 c5 2. Nf3 d6 3. d4 cxd4 4. Qxd4 Bd7 5. c4 Nc6 6. Qd2 g6 7. b3 Bg7 8. Nc3 Nf6 9. Bb2 O-O 10. Be2 a6 11. O-O Rc8 12. Rfd1 Qa5 13. Nd5 Qxd2 14. Nxd2 Nxd5 15. Bxg7 Kxg7 16. cxd5 Nd4 17. Kf1 Nxe2 18. Kxe2 Bb5+ 19. Ke1 Rc2 20. Rdc1 Rfc8 21. Nc4 Rxc1+ 22. Rxc1 f5 23. Kd2 Bxc4 24. bxc4 fxe4 25. Ke3 Rc5 26. Rb1 Rxc4 27. Rxb7 Kf6 28. Rb2 Ke5 29. Rb7 Kxd5 30. Rxe7 Ra4 31. Rxh7 Rxa2 32. Rg7 Ra3+ 33. Ke2 Kd4 34. Rxg6 Ra2+ 35. Ke1 d5 36. Rg5 Kc4 37. h4 d4 38. Re5 Kd3 0-1


[Site "https://www.chess.com"]

[Event "Titled Tuesday Blitz May 4 2021"]
[White "Gedgafov, Chamal"]
[Black "Bach, Matthias"]
[WhiteFideId "34130621"]
[BlackFideId "4603168"]
[WhiteElo "2005"]
[BlackElo "2213"]
[Result "0-1"]
[Round "08"]
[TimeControl "180+1"]
[Date "2021.05.04"]
[WhiteClock "0:01:30"]
[BlackClock "0:00:54"]

1. d4 Nf6 2. c4 c5 3. d5 e6 4. Nc3 exd5 5. cxd5 d6 6. Nf3 g6 7. Nd2 Bg7 8. Nc4 O-O 9. Bf4 Ne8 10. Qd2 a6 11. a4 Nd7 12. Nxd6 Nb6 13. Nxe8 Rxe8 14. e3 Bxc3 15. bxc3 Qxd5 16. Rd1 Qxd2+ 17. Rxd2 Nxa4 18. c4 Bf5 19. Be2 Rad8 20. Rxd8 Rxd8 21. O-O Nc3 22. Bf3 Be4 23. Bxe4 Nxe4 24. Rb1 b5 25. cxb5 axb5 26. f3 Nc3 27. Rb3 Ne2+ 28. Kf2 Nxf4 29. exf4 b4 30. Ke3 Kf8 31. Rb1 Ke7 32. Rc1 Kd6 33. Kd3 Kd5 34. Rd1 Kc6+ 35. Kc2 Rxd1 36. Kxd1 c4 0-1


[Site "https://www.chess.com"]